 Dungeon Crawl Stone Soup version 0.30.1-11-g7821555f0a (webtiles) character file.

Game seed: 9439249535697479144

19 hawla the Firebug (level 3, 0/26 HPs)
             Began as a Meteoran Fire Elementalist on Oct 30, 2023.
             Slain by a phantom (7 damage)
             ... on level 4 of the Dungeon.
             The game lasted 00:02:58 (245 turns).

hawla the Firebug (Meteoran Fire Elementalist)       Turns: 245, Time: 00:02:58

Health: 0/26       AC:  2    Str:  9    XL:     3   Next: 11%
Magic:  2/8        EV: 13    Int: 18    God:
Gold:   39         SH:  0    Dex: 15    Spells: 5/8 levels left

rFire   . . .        (no weapon)
rCold   . . .        (no shield)
rNeg    . . .        a - +0 robe
rPois   .            (no helmet)
rElec   .            (no cloak)
rCorr   .            (no gloves)
SInv    .            (no boots)
Will    .....        (no amulet)
Stlth   +            (no ring)
HPRegen 0.24/turn    (no ring)
MPRegen 0.11/turn

%: no passive effects
@: glowing
A: sense surroundings 1, otherworldly, glowing, explore regen
a: no special abilities


You were on level 4 of the Dungeon.
You visited 1 branch of the dungeon, and saw 4 of its levels.

You collected 39 gold pieces.

Inventory:

Armour
 a - a +0 robe (worn)
Scrolls
 c - a scroll of fear {unknown}
 e - a scroll of poison {unknown}
 f - a scroll of fog {unknown}
Potions
 b - a potion of magic
 d - a potion of might {unknown}


   Skills:
 + Level 2.7 Dodging
 - Level 1.4 Stealth
 + Level 3.1 Spellcasting
 + Level 1.2 Conjurations
 + Level 4.3 Fire Magic


You had 5 spell levels left.
You knew the following spells:

 Your Spells              Type           Power      Damage    Failure   Level
a - Foxfire               Conj/Fire      48%        2x1d6     5%          1
b - Scorch                Fire           36%        2d6       4%          2

Your spell library contained the following spells:

 Spells                   Type           Power      Damage    Failure   Level
 Inner Flame              Hex/Fire       10%        N/A       21%         3
 Volatile Blastmotes      Fire/Tloc      20%        2d11      21%         3
 Flame Wave               Conj/Fire      12%        2d6       45%         4


Dungeon Overview and Level Annotations

Branches:
Dungeon (4/15) Zot: 2152
 Temple: D:4-7

Altars:


Innate Abilities, Weirdness & Mutations

You passively map a small area around you.
You are easily found by Zot.
You glow in the dark.
You regain HP and MP as you explore.


Message History

Casting: Scorch (safe; 4% risk of failure)
Confirm with . or Enter, or press ? or * to list all spells.
You don't have enough magic to cast this spell.
Casting: Scorch (safe; 4% risk of failure)
Confirm with . or Enter, or press ? or * to list all spells.
You conjure some foxfire!
The phantom hits you.
A ball python comes into view.
You barely miss the phantom.
The phantom is heavily damaged.
The foxfire hits the phantom.
The phantom is burned terribly!
The phantom is severely damaged.
The foxfire hits the phantom.
The phantom is burned terribly!
The phantom is almost destroyed.
The phantom hits you.
The phantom blinks!
You blink.
You barely miss the phantom.
The phantom is almost destroyed.
The phantom is no longer more vulnerable to fire.
The phantom closely misses you.
You miss the phantom.
The phantom is almost destroyed.
The phantom hits you.
You miss the phantom.
The phantom is almost destroyed.
The phantom closely misses you.
Casting: Foxfire (safe; 5% risk of failure)
Confirm with . or Enter, or press ? or * to list all spells.
You miscast Foxfire.
Nothing appears to happen.
The phantom hits you.
The phantom blinks!
You blink.
You open the door. The phantom hits you.
The phantom blinks!
You blink.
The phantom attacks as you move away! The phantom completely misses you.
The phantom hits you.
* * * LOW HITPOINT WARNING * * *
The phantom attacks as you move away! The phantom barely misses you.
Found a gold piece.
Found a stone staircase leading up.
Your magical contamination has completely faded away.
Casting: Foxfire (safe; 5% risk of failure)
Confirm with . or Enter, or press ? or * to list all spells.
You conjure some foxfire!
The phantom hits you!
You die...

#....>.....# , #........
#..........# +........
#....[)....######.....###*
, *
.....##+##..............#
, #.....* ,
+..............#..#
#.....*,
#.........#........ #....
, #.........#.##.....
#.... ,, #..v......#..
#)... * ,*
*#.@WS.....#...,*,.# , ,
#..v.###'##.....#* *,
#....#,...#....##
+,,#....+....#...#.. +
*,#....##+####.#... , *
##...< , , , .. +.... , .
, ,, #$.... ,, , ,


You could see a phantom (ally target) and a ball python.

Vanquished Creatures
  3 dart slugs
  An endoplasm (D:1)
  2 giant cockroaches
  A hobgoblin (D:1)
  A kobold (D:4)
  2 ball pythons (D:3)
  2 frilled lizards (D:1)
  A rat (D:1)
13 creatures vanquished.

Vanquished Creatures (others)
  57 foxfires
57 creatures vanquished.

Grand Total: 70 creatures vanquished

Notes
Turn   | Place    | Note
-------+----------+-------------------------------------------
     0 | D:1      | hawla the Meteoran Fire Elementalist began the quest for
                  | the Orb.
     0 | D:1      | Reached XP level 1. HP: 14/14 MP: 5/5
    29 | D:1      | Reached XP level 2. HP: 19/20 MP: 3/6
    51 | D:1      | Reached skill level 4 in Fire Magic
   138 | D:2      | Learned a level 2 spell: Scorch
   197 | D:3      | Reached XP level 3. HP: 26/26 MP: 5/8
   226 | D:4      | Noticed a phantom
   245 | D:4      | Slain by a phantom

Illustrated notes

Levels and vault maps discovered:
D:1:      dpeg_arrival_rooms_with_view, layout_basic
D:2:      layout_basic, chequers_big_river, uniq_sigmund
D:3:      layout_basic, uniq_terence, uniq_natasha
D:4:      kennysheep_kobold_camp, layout_gridville, mainiacjoe_overflow_catwalk,
          minmay_temple_entry_statues_pillars, minmay_misc_feat_chi,
          uniq_eustachio

Skill      XL: |  1  2 |
---------------+-------+-----
Spellcasting   | 3 |  3.1
Fire Magic     | 4 |  4.3
Dodging        | |  2.7
Stealth        | |  1.4
Conjurations   | |  1.2

Action                     || total
---------------------------++-------
  Melee: Unarmed           ||    34
   Cast: Foxfire           ||    31
         Scorch            ||     2
 Armour: Robe              ||     7
  Dodge: Dodged            ||    24
